 Dungeon Crawl Stone Soup version 0.32-a0-825-g0e82a1035d (webtiles) character file.

Game seed: 10243707170253609370

4604 Tewichka the Covert (level 10, -7/59 HPs)
             Began as a Kobold Enchanter on Mar 25, 2024.
             Was a Priest of Ashenzari.
             Killed by divine providence
             ... invoked by an orc priest
              (13 damage)
             ... on level 8 of the Dungeon.
             The game lasted 00:15:30 (10247 turns).

Tewichka the Covert (Kobold Enchanter)             Turns: 10247, Time: 00:15:31

Health: -7/59      AC:  2    Str:  5    XL:     10   Next: 69%
Magic:  1/17       EV: 19    Int: 17    God:    Ashenzari [***...]
Gold:   351        SH:  0    Dex: 20    Spells: 8/19 levels left

rFire   + . .        i - +1 rapier of Ashenzari's Dismay {speed, Fort, Range} (curse)
rCold   . . .        (no shield)
rNeg    . . .        b - +0 robe "Cursed Dogma" {Cun, Range} (curse)
rPois   .            (no helmet)
rElec   .            (no cloak)
rCorr   .            (no gloves)
SInv    +            (no boots)
Will    +....        r - amulet of the Restrained Anxiety {Acrobat, Cun, Melee} (curse)
Stlth   ++++++       l - ring of the Ensconced Empyrean {Will+, Bglg, Elem} (curse)
HPRegen 0.29/turn    o - ring "Overhang to Understand" {rF+, Comp, Dev} (curse)
MPRegen 0.15/turn

%: acrobat, clarity
@: lethally poisoned (-7 -> -12)
A: small, no large weapons, nightstalker 3
a: Renounce Religion, Shatter the Chains


You were on level 8 of the Dungeon.
You worshipped Ashenzari.
Ashenzari was most pleased with you.
You visited 1 branch of the dungeon, and saw 8 of its levels.
You also visited: Sewer.

You collected 351 gold pieces.

Inventory:

Hand Weapons
 i - the cursed +1 rapier of Ashenzari's Dismay (weapon) {speed, Fort, Range}
   (You took it off Eustachio on level 4 of the Dungeon)

   It has a curse which improves the following skills: Fortitude: Armour and
   Shields.
   Ranged Combat: Ranged Weapons and Throwing.
Missiles
 j - 70 stones (quivered)
Armour
 b - the cursed +0 robe "Cursed Dogma" (worn) {Cun, Range}

   It has a curse which improves the following skills: Cunning: Dodging and
   Stealth.
   Ranged Combat: Ranged Weapons and Throwing.
 C - +0 steam dragon scales
Jewellery
 l - the cursed ring of the Ensconced Empyrean (left hand) {Will+, Bglg, Elem}
   (You found it on level 1 of the Dungeon)

   [ring of willpower]

   Will+:     It increases your willpower.
   It has a curse which improves the following skills: Beguiling: Hexes and
   Translocations.
   Elements:  Fire Magic, Ice Magic, Air Magic and Earth Magic.
 o - the cursed ring "Overhang to Understand" (right hand) {rF+, Comp, Dev}
   (You found it on level 2 of the Dungeon)

   [ring of protection from fire]

   rF+:       It protects you from fire.
   It has a curse which improves the following skills: Companions: Summonings
   and Necromancy.
   Devices:   Evocations and Shapeshifting.
 p - a +6 ring of strength
 r - the cursed amulet of the Restrained Anxiety (around neck) {Acrobat, Cun, Melee}
   (You found it on level 3 of the Dungeon)

   [amulet of the acrobat]

   Acrobat:   It increases your evasion while moving and waiting.
   It has a curse which improves the following skills: Cunning: Dodging and
   Stealth.
   Melee Combat: Short Blades, Long Blades, Axes, Maces & Flails, Polearms,
   Staves and Unarmed Combat.
Wands
 e - a wand of flame (22)
Scrolls
 f - 8 scrolls of identify
 q - a scroll of enchant armour
 s - a scroll of torment
 w - a scroll of teleportation
 x - a scroll of brand weapon
 y - a scroll of poison
 z - a scroll of silence
 A - a scroll of enchant weapon
 B - 2 scrolls of immolation
 D - a scroll of vulnerability
Potions
 a - 2 potions of attraction
 c - 3 potions of invisibility
 d - 4 potions of enlightenment
 g - 3 potions of curing
 h - 4 potions of haste
 k - 3 potions of resistance
 m - a potion of brilliance
 n - a potion of cancellation
 t - a potion of mutation
 u - 2 potions of magic
 v - 2 potions of might
 E - a potion of heal wounds
 F - a potion of berserk rage


   Skills:
 + Level 5.0 Fighting
 * Level 8.8(10.3) Short Blades
 + Level 3.7(5.1) Armour
 + Level 6.1(8.3) Dodging
 * Level 10.4(12.6) Stealth
 + Level 5.1 Spellcasting
 * Level 7.3(8.8) Hexes


You had 8 spell levels left.
You knew the following spells:

 Your Spells              Type           Power      Damage    Failure   Level
a - Ensorcelled Hibernat  Hex/Ice        38%        N/A       3%          2
b - Confusing Touch       Hex            34%        N/A       1%          3
c - Dazzling Flash        Conj/Hex       38%        N/A       7%          3
d - Tukima's Dance        Hex            34%        N/A       1%          3

Your spell library contained the following spells:

 Spells                   Type           Power      Damage    Failure   Level
 Kiss of Death            Conj/Necr      16%        2d6       14%         1
 Passwall                 Erth           5%         N/A       36%         3
 Swiftness                Air            5%         N/A       36%         3
 Metabolic Englaciation   Hex/Ice        9%         N/A       52%         5
 Dispel Undead            Necr           5%         3d7       78%         4
 Leda's Liquefaction      Alch/Erth      2%         N/A       80%         4
 Petrify                  Alch/Erth      4%         N/A       80%         4


Dungeon Overview and Level Annotations

Branches:
Dungeon (8/15)             Temple (0/1) D:6           Sewer (visited)
   Lair: D:8-11

Altars:
Ashenzari
Elyvilon
Okawaru
Qazlal
Sif Muna
Trog
Xom
Zin

Shops:
D:6 !   D:7 (


Innate Abilities, Weirdness & Mutations

You are small and have problems with some larger weapons.
You are completely attuned to the shadows.


Message History

You barely miss the water moccasin. You barely miss the water moccasin.
The water moccasin barely misses you.
The orc priest mumbles some strange prayers to Beogh against you.
Beogh smites you!
Casting: Confusing Touch (safe; 1% risk of failure)
Confirm with . or Enter, or press ? or * to list all spells.
Your hands begin to glow red.
The water moccasin bites you!
You are poisoned.
The water moccasin poisons you!
You hit the water moccasin but do no damage.
The water moccasin appears confused.
You feel very sick.
You strike the helpless water moccasin from behind!
You impale the water moccasin!!
You kill the water moccasin!
You feel sick.
You closely miss the orc wizard.
You feel sick.
Casting: Confusing Touch (safe; 1% risk of failure)
Confirm with . or Enter, or press ? or * to list all spells.
Your hands begin to glow red.
You feel very sick. The orc wizard misses you.
You barely miss the orc wizard.
You feel sick.
The orc wizard hits you with a +0 dagger.
* * * LOW HITPOINT WARNING * * *
You hit the orc wizard but do no damage.
The orc wizard appears confused.
* * * LOW HITPOINT WARNING * * *
You feel sick.
You hit the orc wizard.
The orc wizard is lightly wounded.
* * * LOW HITPOINT WARNING * * *
You feel sick.
You barely miss the orc wizard.
The orc wizard is lightly wounded.
* * * LOW HITPOINT WARNING * * *
You feel sick.
The orc priest calls down the wrath of Beogh upon you.
Beogh smites you!
You die...

.... ....
P...
Y....#####
....oo@..#
..♣..o###.#
.....##<#.#
P..♣.†..#.#
♣..†.#k.#.#
....<#..#.#
...#.#..#.#
#.#.....#.#
....##.##.#


You could see an orc priest, an orc wizard (invisible, confused) and an orc.

Vanquished Creatures
  Pikel (D:5)
  Sigmund (D:4)
  4 yaks
  A wyvern (D:8)
  Eustachio (D:4)
  A fire bat (D:6)
  A steam dragon (D:6)
  3 water moccasins (D:8)
  Duvessa (D:4)
  A black bear (D:4)
  An ice beast (D:6)
  A sky beast (D:6)
  3 centaurs
  2 ogres
  2 lemures (D:5)
  A phantom (D:4)
  2 brain worms (Sewer)
  2 kobold brigands (Sewer)
  3 bullfrogs
  3 scorpions
  Dowan (D:4)
  A wight (D:4)
  An electric eel (D:7)
  2 bombardier beetles
  2 hounds (D:5)
  2 orc priests
  2 jellies
  A gnoll bouda (D:6)
  A sleepcap (D:4)
  2 iguanas (D:4)
  6 orc wizards
  7 gnolls
  5 river rats
  12 adders
  4 white imps
  2 ufetubi (D:7)
  3 ribbon worms
  A dart slug (D:4)
  23 orcs
  9 endoplasms
  5 giant cockroaches (D:4)
  2 goblins
  8 hobgoblins
  16 jackals
  4 quokkas
  15 ball pythons
  4 bats (D:1)
  2 frilled lizards
  14 kobolds
  10 rats
202 creatures vanquished.

Notes
Turn   | Place    | Note
-------+----------+-------------------------------------------
     0 | D:1      | Tewichka the Kobold Enchanter began the quest for the Orb.
     0 | D:1      | Reached XP level 1. HP: 10/10 MP: 3/3
   202 | D:1      | Reached XP level 2. HP: 15/15 MP: 5/5
   205 | D:1      | Learned a level 2 spell: Ensorcelled Hibernation
   340 | D:1      | Reached XP level 3. HP: 19/20 MP: 1/6
   672 | D:1      | Found a faded altar of an unknown god.
  1499 | D:2      | Reached XP level 4. HP: 24/24 MP: 7/7
  2034 | D:2      | Reached skill level 1 in Fighting
  2425 | D:3      | Found a broken altar of Ashenzari.
  2453 | D:3      | Became a worshipper of Ashenzari the Shackled
  2753 | D:3      | Reached XP level 5. HP: 22/29 MP: 2/8
  2755 | D:3      | Reached skill level 5 in Stealth
  3059 | D:3      | Reached skill level 1 in Armour
  3590 | D:3      | Reached XP level 6. HP: 34/34 MP: 3/10
  3817 | D:4      | Noticed Eustachio
  3975 | D:4      | Noticed Sigmund
  4061 | D:4      | Noticed an ogre
  4064 | D:4      | Killed an ogre
  4186 | D:4      | Killed Eustachio
  4187 | D:4      | Reached skill level 6 in Stealth
  4187 | D:4      | Reached XP level 7. HP: 40/40 MP: 8/11
  4234 | D:4      | Found a glowing drain.
  4270 | Sewer    | Entered a sewer
  4855 | Sewer    | Reached XP level 8. HP: 45/45 MP: 13/13
  4866 | Sewer    | Reached skill level 5 in Short Blades
  5168 | Sewer    | Reached skill level 7 in Stealth
  5558 | D:4      | Killed Sigmund
  5559 | D:4      | Reached skill level 5 in Hexes
  5688 | D:4      | Reached * piety under Ashenzari
  6390 | D:4      | Reached XP level 9. HP: 35/51 MP: 6/14
  6614 | D:4      | Noticed Duvessa
  6615 | D:4      | Noticed Dowan
  6621 | D:4      | Killed Duvessa
  6622 | D:4      | Reached skill level 8 in Stealth
  6625 | D:4      | Killed Dowan
  6790 | D:4      | Learned a level 3 spell: Confusing Touch
  6794 | D:4      | Learned a level 3 spell: Dazzling Flash
  6798 | D:4      | Learned a level 3 spell: Tukima's Dance
  6799 | D:5      | Entered Level 5 of the Dungeon
  6800 | D:5      | Noticed Pikel
  6824 | D:5      | Killed Pikel
  6825 | D:5      | Reached skill level 5 in Dodging
  7688 | D:5      | Reached ** piety under Ashenzari
  8013 | D:5      | Found a stormy altar of Qazlal.
  8016 | D:5      | Found a bloodstained altar of Trog.
  8019 | D:5      | Found an iron altar of Okawaru.
  8023 | D:5      | Found a glowing silver altar of Zin.
  8026 | D:5      | Found a shimmering blue altar of Sif Muna.
  8133 | D:6      | Reached skill level 9 in Stealth
  8304 | D:6      | Found a staircase to the Ecumenical Temple.
  8321 | D:6      | Reached XP level 10. HP: 58/58 MP: 16/16
  8404 | D:6      | Found Vuarren's Distillery.
  8546 | D:6      | Found a shimmering altar of Xom.
  8548 | D:6      | Identified the +5 mace of Bienkeest {spect, rPois rC+
                  | Int+4}
  9055 | D:6      | Reached *** piety under Ashenzari
  9586 | D:7      | Found Wurr's Antique Weapon Shoppe.
  9962 | D:7      | Found a white marble altar of Elyvilon.
 10040 | D:8      | Reached skill level 10 in Stealth
 10040 | D:8      | Reached skill level 5 in Spellcasting
 10236 | D:8      | Reached skill level 5 in Fighting
 10247 | D:8      | Killed from afar by an orc priest

Illustrated notes

Levels and vault maps discovered:
D:1:      matt_arrival_grand_opening, layout_basic,
          nicolae_ecumenical_snake_handling
D:2:      minmay_inner_zag, layout_basic
D:3:      layout_basic, overflow_temple_1_default
D:4:      cheibrodos_barr_body, layout_loops_cross, portal_sewer_entry_b,
          uniq_duvessa, uniq_sigmund, uniq_eustachio
D:5:      layout_basic, nicolae_overflow_hallway_of_the_gods, uniq_pikel
D:6:      layout_loops_corners, regret_index_xom_of_box,
          minmay_temple_entry_mist, serial_shops,
          nicolae_shop_industrial_runoff, ebering_dispersal_statue_hall
D:7:      layout_basic, grunt_gozag_breadcrumbs, nicolae_elyvilon_temple_path,
          serial_shops, shop, nrook_campfire, dk_vineyard_1, billiards_dpeg
D:8:      layout_basic, minmay_lair_entry_grove, minivault_11,
          hellmonk_guarded_unrand_gyre_and_gimble, uniq_psyche

Skill      XL: |  1  2  3  4  5  6  7  8  9 10 |
---------------+-------------------------------+-----
Short Blades   | 2 3 4 6 7 8 |  8.8
Fighting       | 1 2 3 4 5 |  5.0
Stealth        | 5 6 7 9 10 | 10.4
Armour         | 1 2 3 |  3.7
Dodging        | 3 4 5 6 |  6.1
Spellcasting   | 3 4 5 |  5.1
Hexes          | 4 5 6 7 |  7.3

Action                     |  1- 3 |  4- 6 |  7- 9 | 10-12 || total
---------------------------+-------+-------+-------+-------++-------
  Melee: Dagger            |    46 |    98 |       |       ||   144
         Rapier            |       |       |   304 |    84 ||   388
   Cast: Ensorcelled Hiber |    13 |    43 |    71 |    17 ||   144
         Confusing Touch   |       |       |     7 |     7 ||    14
 Invoke: Curse Item        |       |     1 |     2 |     2 ||     5
    Use: Scroll            |       |    10 |       |       ||    10
   Stab: Sleeping          |    25 |    37 |    50 |    22 ||   134
         Distracted        |       |       |     2 |       ||     2
         Confused          |       |       |     7 |     8 ||    15
 Armour: Robe              |    25 |    44 |    90 |    19 ||   178
  Dodge: Dodged            |    37 |    85 |   239 |    55 ||   416

Table legend: (Time is in decaauts)
 A = Elapsed time spent in this place.
 B = Non-inter-level travel time spent in this place.
 C = Inter-level travel time spent in this place.
 D = Time resting spent in this place.
 E = Time spent auto-exploring this place.
 F = Levels seen in this place.
 G = Mean time per level.
                   A        B        C        D        E       F      G
               +--------+--------+--------+--------+--------+-----+--------+
         Total |  10227 |   9844 |    383 |   1664 |   6695 |   9 | 1136.3 |
       Dungeon |   8944 |   8561 |    383 |   1353 |   5898 |   8 | 1118.0 |
         Sewer |   1283 |   1283 |      0 |    311 |    797 |   1 | 1283.0 |
               +--------+--------+--------+--------+--------+-----+--------+

Top non-repeatable levels by time:
     D:4: 1589 daAuts
     D:3: 1515 daAuts
   Sewer: 1283 daAuts
     D:5: 1282 daAuts
     D:1: 1267 daAuts
     D:2: 1199 daAuts
     D:6: 1177 daAuts
     D:7: 857 daAuts
     D:8: 53 daAuts
